AoeStats
← AEO

Arabia

508233632Analyzed
1v1 RM · 10d ago on Sep 21, 2026· 28m 53s· 2 players
Game mode
Random Map
Map size
Tiny (2 player)
Population
200
Speed
Normal
Resources
Standard
Victory
Conquest
Starting age
Dark Age
Ending age
Imperial Age
RankedLock teamsTeams togetherTeam positionsShared explorationLock speedFull tech treeHidden civsTurbo modeCheats
Victory
Defeat
🇮🇱 Britons · Israel
797
+16
🇹🇷 Sicilians · Türkiye
803
-16
shachar.bloch2
11:56 Feudal Age
13:30 Wheelbarrow
12:42 Double-Bit Axe
12:38 Horse Collar
15:07 Padded Archer Armor
15:10 Fletching
25:00 Castle Age
25:02 Crossbowman
26:06 Leather Archer Armor
25:46 Bodkin Arrow
26:48 Scale Barding Armor
26:39 Bodkin Arrow
28:26 Forging
28:13 Light Cavalry
29:16 Bow Saw
29:09 Heavy Plow
AEO
2:05 Loom
12:49 Feudal Age
14:31 Wheelbarrow
13:44 Double-Bit Axe
13:44 Horse Collar
Connection lost

Rejoining the realm…

Still unreachable

The connection could not be restored.

Session expired

The server has moved on; the page needs a fresh start.